← All builds
Tech / Armada / Economy first / OBSERVED BUILD

Standard tech

Armada Tech (Eco) build order · Supreme Isthmus

Rushes T2 by 4:15, gets Advanced Metal Extractor around 5:28, hands off T2 constructors to Geo and the team, then scales eco and supplies the team's T2 needs through the rest of the game.

Usually first T2 con to Geo (83%)

#eco #t2 #team support · 1574 distinct matches · 255 players · 58% of Armada Tech games · team won 53% of 1868 · Recently observed

HOW TO PLAY IT

Key timing: T2 factory by 4:15

  1. Open 3 mex and heavy wind to fund a fast T2 rush.
  2. Put down Bot Lab, planning to eat it for reclaim soon after.
  3. Get Advanced Bot Lab up, hitting the T2 factory rush timing.
  4. Upgrade mex to Advanced Metal Extractor to lock in team metal income.
  5. Eat Advanced Bot Lab and keep sending cons to Geo and Pond.

Phase by phase

TYPICAL OF ITS 1574 GAMES
  1. 1
  2. 2
  3. 3
  4. 4
PLAY THE OPENING

Follow the example game's first 6:00 step by step: what to build now, what comes next, and where it goes. At 1× it keeps pace with your own game.

  1. 1

    Up to the Bot Lab

    Economy
    • Metal Extractor3Mex
    • Wind Turbine4Wind
    Order
    1. Bot LabBot Lab after 3 mex, 4 winddone ~1:18, middle half 1:13–1:32

    Some games also: energy storage (31%)

    By 1:01 in all: 3 mex · 4 wind

    The example game in this phase · 3 steps
    1. Mex ×3
    2. Wind ×5
    3. Bot LabBot Labdone 1:24 · typical 1:18
  2. 2

    Bot Lab to Advanced Bot Lab

    Economy
    • Metal Extractor1Mex
    • Wind Turbine8Wind
    • Energy Storage1Energy storage
    Order
    1. Advanced Bot LabAdvanced Bot Lab after 4 mex, 12 wind, 3 con turretdone ~4:16, middle half 4:04–4:30
    Builders
    • Construction Turret3 Con turret
    • Lazarus3 Lazarus
    • Construction Bot2 Con bot
    • Construction Bot1 Con bot for allies

    Some games also: converter (36%)

    By 3:18 in all: 4 mex · 12 wind · 1 energy storage · 3 con turret

    The example game in this phase · 15 steps
    1. LazarusLazarus
    2. Wind ×3
    3. Construction BotCon bot
    4. Wind
    5. LazarusLazarusfor Geo
    6. Wind
    7. Converter
    8. Construction BotCon botfor Air
    9. Energy storage
    10. LazarusLazarus
    11. Construction BotCon bot
    12. Mex
    13. LazarusLazarusfor Geo
    14. Con turret ×2
    15. Advanced Bot LabAdvanced Bot Labdone 4:23 · typical 4:16
  3. 3

    Advanced Bot Lab to 5:00

    Economy
    • Wind Turbine3Wind
    Order
    1. Bot LabEat Bot Lab
    Builders
    • Advanced Construction Bot1 T2 con bot for allies

    Some games also: converter (35%)

    By 5:00 in all: 4 mex · 15 wind · 1 converter · 1 energy storage · 3 con turret

    The example game in this phase · 7 steps
    1. Wind
    2. Bot LabEat Bot Labreclaimed for its metal
    3. Wind
    4. Advanced Construction BotT2 con botfor Geo
    5. Wind
    6. Advanced Metal ExtractorT2 mexdone 5:12 · typical 5:29
    7. Wind
  4. 4

    5:00 to 10:00

    Economy
    • Wind Turbine43Wind
    • Energy Converter6Converter
    Builders
    • Butler9 Butler
    • Advanced Construction Bot4 T2 con bot for allies
    • Advanced Construction Bot1 T2 con bot

    Some games also: con turret (43%) · Butler for allies (37%)

    By 10:00 in all: 4 mex · 58 wind · 8 converter · 1 energy storage · 3 con turret

    The example game in this phase · 134 steps
    1. Wind
    2. Advanced Construction BotT2 con botfor Air
    3. Wind
    4. Advanced Metal ExtractorT2 mex ×2
    5. Wind ×2
    6. Advanced Construction BotT2 con bot
    7. Advanced Construction BotT2 con botfor Geo sea
    8. Wind
    9. ButlerButler
    10. Advanced solar
    11. ButlerButler
    12. Wind
    13. Advanced Metal ExtractorT2 mex
    14. Con turret
    15. Wind ×3
    16. Con turret
    17. Wind
    18. Advanced Construction BotT2 con botfor unknown
    19. Wind
    20. ButlerButlerfor Geo sea
    21. Wind ×2
    22. ButlerButlerfor Geo sea
    23. Wind
    24. Con turret
    25. ButlerButler
    26. Wind ×2
    27. Advanced Construction BotT2 con bot
    28. Wind ×6
    29. Fusion ReactorFusiondone 11:06
    30. Wind ×3
    31. ButlerButler
    32. Con turret
    33. Wind
    34. Con turret
    35. Wind
    36. ButlerButler
    37. Con turret
    38. Wind ×2
    39. ButlerButlerfor Geo
    40. Con turret
    41. Wind
    42. ButlerButler
    43. ArbalestArbalest
    44. Wind ×3
    45. ButlerButlerfor Geo
    46. Wind ×2
    47. ButlerButler
    48. Wind ×2
    49. ButlerButler
    50. Wind ×3
    51. Advanced Construction BotT2 con botfor Geo
    52. ButlerButler
    53. Wind
    54. ButlerButler
    55. Wind
    56. T2 converter
    57. Wind ×5
    58. T2 converter
    59. Wind ×5
    60. Converter
    61. Wind
    62. ButlerButler
    63. Wind
    64. ButlerButler
    65. Converter
    66. Wind
    67. Advanced Construction BotT2 con bot
    68. Converter
    69. CitadelAnti-nukedone 14:08
    70. Wind
    71. Converter
    72. Wind
    73. Advanced Fusion ReactorAdvanced Fusion Reactornot finished by 15:00
    74. Converter
    75. Wind ×2
    76. Converter
    77. Wind
    78. Converter
    79. Wind ×2
    80. Converter
    81. Con turret
    82. Converter
    83. Wind ×3
    84. Converter
    85. Con turret
    86. Wind
    87. Converter
    88. Con turret
    89. Wind
    90. Con turret
    91. Converter
    92. Wind
    93. Con turret
    94. Converter
    95. Wind
    96. PlatypusPlatypus
    97. Wind
    98. Converter ×2
    99. Wind
    100. PlatypusPlatypus
    101. Wind
    102. Converter ×2
    103. Wind
    104. Advanced Bot LabEat Advanced Bot Labreclaimed for its metal
    105. Wind ×2
    106. Converter ×2
    107. Wind ×2
    108. Converter ×2
    109. Wind ×3
    110. Converter ×2
    111. Wind
    112. TracerTracer
    113. Wind
    114. Converter
    115. Bot LabBot Labnot finished by 15:00
    116. Converter
    117. Wind ×3
    118. Converter
    119. Vehicle PlantVehicle Plantnot finished by 15:00
    120. Converter
    121. Wind
    122. Converter
    123. Wind
    124. Converter
    125. Wind
    126. Converter
    127. Wind
    128. Bot LabEat Bot Labreclaimed for its metal
    129. Wind
    130. Converter
    131. Wind
    132. Converter
    133. Wind
    134. Converter

Counts are medians over the build's games: half of them build more, half fewer. The example game is Bishtou's (30 OS, 28/08/2026); pick another.

Team trades

IN AT LEAST 30% OF ITS GAMES

You hand over

  • Construction Bot1 Con bot to Airfirst at 2:24 · in 84% of games
  • Advanced Construction Bot5 T2 con bot to Air or Geo sea or Pondfirst at 4:50 · in 99% of games
  • Butler2 Butler to Geo sea or Beach sea or Pondfirst at 9:07 · in 42% of games

You get

  • Hercules1 Light transport from Airfirst at 4:01 · in 86% of games

How it plays out

Typical game of this build, running totals by minute

Metal produced

020k40k
0:005:0010:0015:00

metal

Enemy metal destroyed

050100
0:005:0010:0015:00

metal

Own metal lost

050100150
0:005:0010:0015:00

metal

1868 games.

Show as table
ByMetal produced: This buildEnemy metal destroyed: This buildOwn metal lost: This build
1:0038300
2:0091500
3:00165100
4:00314300
5:00484800
6:00580000
7:00722700
8:00906100
9:001116900
10:001350200
11:001623900
12:001965200
13:002344100
14:0027357074
15:003153885130
WHAT THE NUMBERS SAY

Standard Tech play barely fights at all early, instead pouring metal into T2 infrastructure and constructors for the team.

  • + Metal produced hits 31679 by 15:00, by far the highest of any role here.
  • + T2 factory reached in 97% of games by 4:15, fastest and most reliable T2 timing.
  • − Enemy metal destroyed stays at 0 through 10:00, no early offense at all.
  • − Own metal lost also near 0, showing total avoidance of combat risk.
THE EXAMPLE YOU ARE READING

Bishtou

30.4 OS · 28/08/2026

Open source match ↗

2 received units
5758 metal received · 37502 energy received

Allied construction assistance is unknown. Timings are observations, not a promise of solo reproducibility.

Typical milestones

Bot Lab1:18Middle 50%: 1:13–1:32 · n=1868
Advanced Bot Lab4:16Middle 50%: 4:04–4:30 · n=1861
Advanced Metal Extractor5:29Middle 50%: 5:06–5:59 · n=1864

Played most by

Amrissa93games of this buildTheGeneraI66games of this buildAdeus57games of this buildEl_Turco56games of this buildKOT_43games of this build